 Dungeon Crawl Stone Soup version 0.29.0-4-gdea44cf6ec (webtiles) character file.

Game seed: 7034571488001034919

3 qw the Shield-Bearer (level 1, -5/19 HPs)
             Began as a Minotaur Fighter on Sept 4, 2022.
             Succumbed to a gnoll's poison
             ... on level 1 of the Dungeon.
             The game lasted 00:00:03 (71 turns).

qw the Shield-Bearer (Minotaur Fighter)               Turns: 71, Time: 00:00:04

Health: -5/19      AC:  6    Str: 20    XL:     1   Next: 41%
Magic:  0/0        EV:  9    Int:  5    God:
Gold:   8          SH:  4    Dex:  9    Spells: 0/0 levels left

rFire   . . .      SeeInvis .   a - +0 war axe
rCold   . . .      Faith    .   c - +0 buckler
rNeg    . . .      Spirit   .   b - +0 scale mail
rPois   .          Reflect  .   (helmet restricted)
rElec   .          Harm     .   (no cloak)
rCorr   .          Rampage  .   (no gloves)
Will    .....                   (no boots)
Stlth   ..........              (no amulet)
HPRegen 0.06/turn               (no ring)
MPRegen 0.07/turn               (no ring)

@: lethally poisoned (-5 -> -36)
A: horns 2, retaliatory headbutt
a: no special abilities


You were on level 1 of the Dungeon.
You visited 1 branch of the dungeon, and saw 1 of its levels.

You collected 8 gold pieces.


Innate Abilities, Weirdness & Mutations

You have a pair of horns on your head.
You reflexively headbutt those who attack you in melee.


   Skills:
 - Level 3.6 Fighting
 + Level 2.8 Axes
 - Level 3.6 Armour
 - Level 3.6 Shields


You couldn't memorise any spells.
You didn't know any spells.
Your spell library was empty.

Inventory:

Hand Weapons
 a - a +0 war axe (weapon)
 f - a +0 club
Armour
 b - a +0 scale mail (worn)
 c - a +0 buckler (worn)
Jewellery
 g - a ring of wizardry
Scrolls
 e - a scroll of poison {unknown}
Potions
 d - a potion of might

Dungeon Overview and Level Annotations

Branches:
Dungeon (1/15)

Altars:

Shops:
D:1 *


Message History

You now have 8 gold pieces.
A bat comes into view.
The bat hits you but does no damage.
You hit the bat but do no damage. Your headbutt misses the bat.
The bat hits you but does no damage.
You slash the bat!
You kill the bat!
g - a ring of wizardry
There is an entrance to Arar's Assorted Antiques here.
60 ||| SHOPLISTING lumpy ruby potion (17 gold, have 8).
You can access your shopping list by pressing '$'.
60 ||| SHOPLISTING scroll labelled OTHUX FUTACOWN (19 gold, have 8).
You can access your shopping list by pressing '$'.
60 ||| SHOPLISTING scroll labelled OTUERCH PEAWIU (19 gold, have 8).
You can access your shopping list by pressing '$'.
60 ||| SHOPLISTING sparkling pewter ring (95 gold, have 8).
You can access your shopping list by pressing '$'.
A frilled lizard and a gnoll come into view.
The gnoll is wielding a +1 whip of venom.
Found a scroll labelled OSENOB SORGH.
The frilled lizard hisses angrily.
The gnoll shouts!
You hear an angry hiss.
You hit the gnoll. Your headbutt misses the gnoll.
The gnoll is moderately wounded.
The gnoll hits you but does no damage.
You are poisoned.
You barely miss the gnoll. Your headbutt misses the gnoll.
The gnoll is moderately wounded.
You feel sick.
The gnoll hits you with a +1 whip of venom.
You are more poisoned.
The gnoll hits you but does no damage.
You are lethally poisoned!
You closely miss the gnoll. You headbutt the gnoll.
The gnoll is heavily wounded.
You feel very sick.
The gnoll hits you with a +1 whip of venom.
You are more poisoned.
You hit the gnoll. You headbutt the gnoll.
You kill the gnoll!
You die...

### ..# ## #.### ...
#.#.###########.#
#..........##...
##....#.#####.####
#...............#
#............##@#
#.....#......##.)l?....
#######.....\##########
#......# ########


You could see a frilled lizard.

Vanquished Creatures
  A gnoll (D:1)
  A goblin (D:1)
  A kobold (D:1)
  A bat (D:1)
4 creatures vanquished.

Notes
Turn   | Place    | Note
-------+----------+-------------------------------------------
     0 | D:1      | qw the Minotaur Fighter began the quest for the Orb.
     0 | D:1      | Reached XP level 1. HP: 19/19 MP: 0/0
     0 | D:1      | 0 ||| qw: Version: 0.1-a-103-gd6f5d3a
     0 | D:1      | 0 ||| qw: Game counter: 5665
     0 | D:1      | 0 ||| qw: Always use a shield: true
     0 | D:1      | 0 ||| qw: God list: Ru
     0 | D:1      | 0 ||| qw: Allow faded altars: false
     0 | D:1      | 0 ||| qw: Do Orc after D:15 true
     0 | D:1      | 0 ||| qw: Do second Lair branch before Depths: true
     0 | D:1      | 0 ||| qw: Lair rune preference: random
     0 | D:1      | 0 ||| qw: Plans: Normal
     0 | D:1      | 0 ||| PLANNING D:1-11
    48 | D:1      | Found Arar's Assorted Antiques.
    60 | D:1      | 60 ||| SHOPLISTING lumpy ruby potion (17 gold, have 8).
    60 | D:1      | 60 ||| SHOPLISTING scroll labelled OTHUX FUTACOWN (19 gold,
                  | have 8).
    60 | D:1      | 60 ||| SHOPLISTING scroll labelled OTUERCH PEAWIU (19 gold,
                  | have 8).
    60 | D:1      | 60 ||| SHOPLISTING sparkling pewter ring (95 gold, have 8).
    70 | D:1      | HP: 4/19 [gnoll/+1 whip of venom (5)]
    71 | D:1      | Succumbed to a gnoll's poison

Levels and vault maps discovered:
D:1:      dpeg_arrival_pond, layout_basic, serial_shops, shop, shop,
          nicolae_diamond_shop

Action                   || total
-------------------------++-------
Melee: War axe           ||    12
       Headbutt          ||     2
Armor: Scale mail        ||     7
Dodge: Dodged            ||     2
Block: Buckler           ||     1

Table legend:
 A = Non-vault XP
 B = Vault XP
 C = Vault XP percentage of total XP
 D = Non-vault monster count
 E = Vault monster count
 F = Vault count percentage of total count
                 A         B        C        D         E       F
            +---------+---------+-------+---------+---------+-------
      Total |      19 |       0 |   0.0 |       4 |       0 |   0.0
            +---------+---------+-------+---------+---------+-------
        D:1 |      19 |       0 |   0.0 |       4 |       0 |   0.0
            +---------+---------+-------+---------+---------+-------
